| TOP OF THE 1ST |
|
Charleston RiverDogs batting - Pitching for Greenville Drive : RHP Guillermo de Leon
|
|
Pitching: RHP Guillermo de Leon
|
|
|
Batting: LHB Tatsuo Yasui
|
0-0: Swinging Strike 0-1: Foul Ball, location: 2F 0-2: Fly out, F8 (Flyball, 8LS, EV 95.6 MPH)
|
|
Batting: SHB Blake Abbott
|
0-0: Called Strike 0-1: Called Strike 0-2: Ball 1-2: Ball 2-2: Ground out 1-3 (Groundball, 34S, EV 71.9 MPH)
|
|
Batting: RHB James Boynton
|
0-0: Called Strike 0-1: Ball 1-1: Foul Ball, location: 2F 1-2: Ball 2-2: Ball 3-2: Ground out 6-3 (Groundball, 6, EV 86.3 MPH)
|
| Top of the 1st over - 0 runs, 0 hits, 0 errors, 0 left on base; Charleston 0 - Greenville 0 |
| BOTTOM OF THE 1ST |
|
Greenville Drive batting - Pitching for Charleston RiverDogs : RHP Danny Rasdall
|
|
Pitching: RHP Danny Rasdall
|
|
|
Batting: RHB David Norum
|
0-0: Called Strike 0-1: Foul Ball, location: 2F 0-2: Fly out, F7 (Flyball, 7S, EV 90.6 MPH)
|
|
Batting: LHB Sergio Tinoco
|
0-0: Called Strike 0-1: Ball 1-1: Foul Ball, location: 2F 1-2: Strikes out swinging
|
|
Batting: RHB Dan Friess
|
0-0: Called Strike 0-1: Ball 1-1: Foul Ball, location: 2F 1-2: Ball 2-2: Ball 3-2: SINGLE (Line Drive, 7LS, EV 110.6 MPH)
|
|
Batting: RHB Devon Fourcade
|
0-0: Ball 1-0: SINGLE (Flyball, 8RS, EV 88.1 MPH) Dan Friess to second Runner from 2nd tries for 3rd, OUT! 8-5
|
| Bottom of the 1st over - 0 runs, 2 hits, 0 errors, 1 left on base; Charleston 0 - Greenville 0 |
| TOP OF THE 2ND |
|
Charleston RiverDogs batting - Pitching for Greenville Drive : RHP Guillermo de Leon
|
|
Batting: SHB Reagan Dudley
|
0-0: Called Strike 0-1: SINGLE (Flyball, 8RS, EV 96.9 MPH)
|
|
Batting: SHB Mike Goad
|
0-0: Called Strike 0-1: Fly out, F9 (Flyball, 9D, EV 105.6 MPH)
|
|
Batting: LHB Eddie Ramirez
|
0-0: Grounds into double play, 4-6-3 (Groundball, 4, EV 107.5 MPH)
|
| Top of the 2nd over - 0 runs, 1 hit, 0 errors, 0 left on base; Charleston 0 - Greenville 0 |
| BOTTOM OF THE 2ND |
|
Greenville Drive batting - Pitching for Charleston RiverDogs : RHP Danny Rasdall
|
|
Batting: RHB John Chiesa
|
0-0: SINGLE (Groundball, 6MD, EV 96.9 MPH)
|
|
Batting: RHB Larry Brocato
|
0-0: Fly out, F8 (Flyball, 89D, EV 86.9 MPH)
|
|
Batting: RHB David Clark
|
0-0: Called Strike 0-1: Swinging Strike 0-2: Foul Ball, location: 2F 0-2: Ball 1-2: Ball 2-2: Fielders Choice at 2nd, 3-6 (Groundball, 34S, EV 80.0 MPH)
|
|
Batting: RHB Adugna Chandu
|
0-0: Swinging Strike 0-1: Ball David Clark is caught stealing 2nd base 2-4
|
| Bottom of the 2nd over - 0 runs, 1 hit, 0 errors, 0 left on base; Charleston 0 - Greenville 0 |
| TOP OF THE 3RD |
|
Charleston RiverDogs batting - Pitching for Greenville Drive : RHP Guillermo de Leon
|
|
Batting: RHB Eric Blais
|
0-0: Ball 1-0: Called Strike 1-1: Ball 2-1: Called Strike 2-2: Foul Ball, location: 2F 2-2: Strikes out swinging
|
|
Batting: RHB Nick Massengale
|
0-0: Called Strike 0-1: Foul Ball, location: 2F 0-2: Ball 1-2: Foul Ball, location: 2F 1-2: Strikes out swinging
|
|
Batting: RHB Carlos Guadarrama
|
0-0: Ball 1-0: SINGLE (Groundball, 34D, EV 103.8 MPH)
|
|
Batting: LHB Tatsuo Yasui
|
0-0: Ball 1-0: Ball 2-0: Ball 3-0: Called Strike 3-1: DOUBLE (Groundball, 5L, EV 95.6 MPH) Carlos Guadarrama to third
|
|
Batting: SHB Blake Abbott
|
0-0: Swinging Strike 0-1: Ball 1-1: Foul Ball, location: 2F 1-2: Foul Ball, location: 2F 1-2: Ball 2-2: Strikes out swinging
|
| Top of the 3rd over - 0 runs, 2 hits, 0 errors, 2 left on base; Charleston 0 - Greenville 0 |
| BOTTOM OF THE 3RD |
|
Greenville Drive batting - Pitching for Charleston RiverDogs : RHP Danny Rasdall
|
|
Batting: RHB Adugna Chandu
|
0-0: Ball 1-0: Ball 2-0: Called Strike 2-1: Foul Ball, location: 2F 2-2: Ball 3-2: Fly out, F8 (Flyball, 8LXD, EV 100.0 MPH)
|
|
Batting: RHB Paul Long
|
0-0: SINGLE (Groundball, 6MD, EV 108.8 MPH)
|
|
Batting: RHB David Norum
|
0-0: Ball 1-0: Reached on error, E1 (Groundball, 34S, EV 64.4 MPH) Paul Long to second
|
|
Batting: LHB Sergio Tinoco
|
0-0: Foul Ball, location: 2F 0-1: Fly out, F6 (Line Drive, 6, EV 62.5 MPH)
|
|
Batting: RHB Dan Friess
|
0-0: Ball 1-0: Foul Ball, location: 2F 1-1: SINGLE (Line Drive, 9S, EV 112.5 MPH) Paul Long to third David Norum to second Runner from 3rd tries for Home, throw by RF and OUT! 9-2
|
| Bottom of the 3rd over - 0 runs, 2 hits, 1 error, 2 left on base; Charleston 0 - Greenville 0 |
| TOP OF THE 4TH |
|
Charleston RiverDogs batting - Pitching for Greenville Drive : RHP Guillermo de Leon
|
|
Batting: RHB James Boynton
|
0-0: Ball 1-0: Foul Ball, location: 2F 1-1: Ball 2-1: SOLO HOME RUN (Flyball, 8RXD, EV 108.8 MPH), Distance : 411 ft
|
|
Batting: SHB Reagan Dudley
|
0-0: Foul Ball, location: 2F 0-1: Ball 1-1: Foul Ball, location: 2F 1-2: Ball 2-2: DOUBLE (Line Drive, 8RXD, EV 107.5 MPH)
|
|
Batting: SHB Mike Goad
|
0-0: Ground out 4-3 (Groundball, 4, EV 86.9 MPH) Reagan Dudley to third
|
|
Batting: LHB Eddie Ramirez
|
0-0: Foul Ball, location: 2F 0-1: Foul Ball, location: 2F 0-2: Ground out U3 (Groundball, 34, EV 91.3 MPH) Reagan Dudley scores
|
|
Batting: RHB Eric Blais
|
0-0: Ball 1-0: Foul Ball, location: 2F 1-1: Called Strike 1-2: Strikes out looking
|
| Top of the 4th over - 2 runs, 2 hits, 0 errors, 0 left on base; Charleston 2 - Greenville 0 |
| BOTTOM OF THE 4TH |
|
Greenville Drive batting - Pitching for Charleston RiverDogs : RHP Danny Rasdall
|
|
Batting: RHB Devon Fourcade
|
0-0: Swinging Strike 0-1: Foul Ball, location: 2F 0-2: Ball 1-2: Ball 2-2: Fly out, F8 (Flyball, 8RM, EV 86.9 MPH)
|
|
Batting: RHB John Chiesa
|
0-0: SINGLE (Groundball, P, EV 85.6 MPH) (infield hit)
|
|
Batting: RHB Larry Brocato
|
0-0: Ball John Chiesa steals 2nd base (no throw) 1-0: Ball Wild Pitch! John Chiesa to third 2-0: Foul Ball, location: 2F 2-1: DOUBLE (Flyball, 89D, EV 90.0 MPH) John Chiesa scores
|
|
Batting: RHB David Clark
|
0-0: Foul Ball, location: 2F 0-1: Ball 1-1: Ball 2-1: Ground out 6-3 (Groundball, 6, EV 86.9 MPH) Larry Brocato to third
|
|
Batting: RHB Adugna Chandu
|
0-0: Swinging Strike 0-1: Swinging Strike 0-2: Foul Ball, location: 2F 0-2: Ball 1-2: Ball 2-2: Foul Ball, location: 2F 2-2: Strikes out swinging
|
| Bottom of the 4th over - 1 run, 2 hits, 0 errors, 1 left on base; Charleston 2 - Greenville 1 |
| TOP OF THE 5TH |
|
Charleston RiverDogs batting - Pitching for Greenville Drive : RHP Guillermo de Leon
|
|
Batting: RHB Nick Massengale
|
0-0: Called Strike 0-1: Ball 1-1: Ball 2-1: Fly out, F9 (Flyball, 9D, EV 84.4 MPH)
|
|
Batting: RHB Carlos Guadarrama
|
0-0: Ball 1-0: Foul Ball, location: 2F 1-1: Ball 2-1: Ball 3-1: Called Strike 3-2: Ground out 6-3 (Groundball, P, EV 86.3 MPH)
|
|
Batting: LHB Tatsuo Yasui
|
0-0: Foul Ball, location: 2F 0-1: Ball 1-1: Swinging Strike 1-2: Ball 2-2: Foul Ball, location: 2F 2-2: DOUBLE (Line Drive, 78D, EV 100.0 MPH)
|
|
Batting: SHB Blake Abbott
|
0-0: Called Strike 0-1: Called Strike 0-2: Ball 1-2: Foul Ball, location: 2F 1-2: SINGLE (Groundball, 34D, EV 101.3 MPH) Tatsuo Yasui to third Runner from 3rd tries for Home, SAFE, throw by RF to home
|
|
Batting: RHB James Boynton
|
0-0: Called Strike 0-1: Ground out U3 (Groundball, 3, EV 90.0 MPH)
|
| Top of the 5th over - 1 run, 2 hits, 0 errors, 1 left on base; Charleston 3 - Greenville 1 |
| BOTTOM OF THE 5TH |
|
Greenville Drive batting - Pitching for Charleston RiverDogs : RHP Danny Rasdall
|
|
Batting: RHB Paul Long
|
0-0: Called Strike 0-1: Swinging Strike 0-2: Strikes out looking
|
|
Batting: RHB David Norum
|
0-0: Ball 1-0: Ball 2-0: Ground out 4-3 (Groundball, 4, EV 100.0 MPH)
|
|
Batting: LHB Sergio Tinoco
|
0-0: Ball 1-0: Ground out 4-3 (Groundball, 4, EV 101.3 MPH)
|
| Bottom of the 5th over - 0 runs, 0 hits, 0 errors, 0 left on base; Charleston 3 - Greenville 1 |
| TOP OF THE 6TH |
|
Charleston RiverDogs batting - Pitching for Greenville Drive : RHP Guillermo de Leon
|
|
Batting: SHB Reagan Dudley
|
0-0: Ball 1-0: Foul Ball, location: 2F 1-1: Foul Ball, location: 2F 1-2: Foul Ball, location: 2F 1-2: Ball 2-2: Foul Ball, location: 2F 2-2: Ground out 4-3 (Groundball, 34D, EV 86.3 MPH)
|
|
Batting: SHB Mike Goad
|
0-0: Called Strike 0-1: Ground out U3 (Groundball, 3, EV 84.4 MPH)
|
|
Batting: LHB Eddie Ramirez
|
0-0: DOUBLE (Line Drive, 9LS, EV 101.3 MPH)
|
|
Batting: RHB Eric Blais
|
0-0: Ball 1-0: Called Strike 1-1: Ball 2-1: Foul Ball, location: 2F 2-2: Strikes out swinging
|
| Top of the 6th over - 0 runs, 1 hit, 0 errors, 1 left on base; Charleston 3 - Greenville 1 |
| BOTTOM OF THE 6TH |
|
Greenville Drive batting - Pitching for Charleston RiverDogs : RHP Danny Rasdall
|
|
Batting: RHB Dan Friess
|
0-0: Ground out 4-3 (Groundball, 34, EV 85.6 MPH)
|
|
Batting: RHB Devon Fourcade
|
0-0: Foul Ball, location: 2F 0-1: Ball 1-1: Ball 2-1: Swinging Strike 2-2: Foul Ball, location: 2F 2-2: Strikes out swinging
|
|
Batting: RHB John Chiesa
|
0-0: Fly out, F3 (Popup, 3SF, EV 65.6 MPH)
|
| Bottom of the 6th over - 0 runs, 0 hits, 0 errors, 0 left on base; Charleston 3 - Greenville 1 |
| TOP OF THE 7TH |
|
Charleston RiverDogs batting - Pitching for Greenville Drive : RHP Guillermo de Leon
|
|
Batting: RHB Nick Massengale
|
0-0: Ball 1-0: Fly out, F8 (Flyball, 8LXD, EV 105.6 MPH)
|
|
Pitching: RHP Humberto Delgado
|
|
|
Batting: RHB Carlos Guadarrama
|
0-0: Foul Ball, location: 2F 0-1: Foul Ball, location: 2F 0-2: Ball 1-2: Foul Ball, location: 2F 1-2: Ball 2-2: Foul Ball, location: 2F 2-2: Ball 3-2: Ground out 6-3 (Groundball, 6, EV 76.9 MPH)
|
|
Batting: LHB Tatsuo Yasui
|
0-0: Called Strike 0-1: Ball 1-1: SINGLE (Groundball, 34S, EV 72.5 MPH) (infield hit)
|
|
Batting: SHB Blake Abbott
|
0-0: Called Strike Tatsuo Yasui steals 2nd base (no throw) 0-1: Foul Ball, location: 2F 0-2: Ball 1-2: Ground out 6-3 (Groundball, P, EV 85.0 MPH)
|
| Top of the 7th over - 0 runs, 1 hit, 0 errors, 1 left on base; Charleston 3 - Greenville 1 |
| BOTTOM OF THE 7TH |
|
Greenville Drive batting - Pitching for Charleston RiverDogs : RHP Danny Rasdall
|
|
Batting: RHB Larry Brocato
|
0-0: Ball 1-0: Called Strike 1-1: Ground out 6-3 (Groundball, 6, EV 102.5 MPH)
|
|
Batting: RHB David Clark
|
0-0: Called Strike 0-1: Ball 1-1: Ball 2-1: SINGLE (Line Drive, 6D, EV 111.3 MPH)
|
|
Pitching: LHP Angel Diaz
|
|
|
Batting: RHB Adugna Chandu
|
0-0: Ball 1-0: Ball 2-0: Swinging Strike 2-1: Ball 3-1: Base on Balls David Clark to second
|
|
Batting: RHB Paul Long
|
0-0: Ball 1-0: Foul Ball, location: 2F 1-1: Ball 2-1: Grounds into double play, 6-4-3 (Groundball, 6, EV 83.1 MPH)
|
| Bottom of the 7th over - 0 runs, 1 hit, 0 errors, 1 left on base; Charleston 3 - Greenville 1 |
| TOP OF THE 8TH |
|
Charleston RiverDogs batting - Pitching for Greenville Drive : RHP Humberto Delgado
|
|
Pitching: LHP Jason Kell
|
|
|
Batting: RHB James Boynton
|
0-0: Called Strike 0-1: Ball 1-1: Called Strike 1-2: Fly out, F8 (Flyball, 8LS, EV 82.5 MPH)
|
|
Batting: SHB Reagan Dudley
|
0-0: Swinging Strike 0-1: Called Strike 0-2: Strikes out swinging
|
|
Batting: SHB Mike Goad
|
0-0: Ball 1-0: Ground out 5-3 (Groundball, 56, EV 77.5 MPH)
|
| Top of the 8th over - 0 runs, 0 hits, 0 errors, 0 left on base; Charleston 3 - Greenville 1 |
| BOTTOM OF THE 8TH |
|
Greenville Drive batting - Pitching for Charleston RiverDogs : LHP Angel Diaz
|
|
Batting: RHB David Norum
|
0-0: Called Strike 0-1: Ground out 5-3 (Groundball, 56, EV 90.0 MPH)
|
|
Pinch Hitting: RHB Dave Nickerson
|
0-0: Ball 1-0: Called Strike 1-1: Ground out 3-1 (Groundball, 34, EV 77.5 MPH)
|
|
Batting: RHB Dan Friess
|
0-0: Ground out 6-3 (Groundball, 6, EV 86.9 MPH)
|
| Bottom of the 8th over - 0 runs, 0 hits, 0 errors, 0 left on base; Charleston 3 - Greenville 1 |
| TOP OF THE 9TH |
|
Charleston RiverDogs batting - Pitching for Greenville Drive : LHP Jason Kell
|
|
Now in LF: Dave Nickerson
|
|
|
Batting: LHB Eddie Ramirez
|
0-0: Ball 1-0: Swinging Strike 1-1: Called Strike 1-2: Strikes out swinging
|
|
Batting: RHB Eric Blais
|
0-0: Called Strike 0-1: Ground out 5-3 (Groundball, 56, EV 107.5 MPH)
|
|
Batting: RHB Nick Massengale
|
0-0: Foul Ball, location: 2F 0-1: Ground out 4-3 (Groundball, 4M, EV 99.4 MPH)
|
| Top of the 9th over - 0 runs, 0 hits, 0 errors, 0 left on base; Charleston 3 - Greenville 1 |
| BOTTOM OF THE 9TH |
|
Greenville Drive batting - Pitching for Charleston RiverDogs : LHP Angel Diaz
|
|
Pitching: RHP Gustavo Amparo
|
|
|
Batting: RHB Devon Fourcade
|
0-0: Ball 1-0: Foul Ball, location: 2F 1-1: SOLO HOME RUN (Flyball, 7D, EV 98.1 MPH), Distance : 381 ft
|
|
Batting: RHB John Chiesa
|
0-0: Ball 1-0: Ground out 6-3 (Groundball, 6, EV 87.5 MPH)
|
|
Batting: RHB Larry Brocato
|
0-0: Ball 1-0: Ball 2-0: Ball 3-0: Base on Balls
|
|
Batting: RHB David Clark
|
0-0: Ball Wild Pitch! Larry Brocato to second 1-0: Foul Ball, location: 2F 1-1: Ball Passed Ball! Larry Brocato to third 2-1: Called Strike 2-2: DOUBLE (Flyball, 8LXD, EV 104.4 MPH) Larry Brocato scores
|
|
Pinch Hitting: LHB Masumi Abe
|
0-0: Ball 1-0: Ball 2-0: Called Strike 2-1: Ball 3-1: Ground out 3-1 (Groundball, 3D, EV 95.0 MPH) David Clark to third
|
|
Pinch Hitting: SHB Rafael Perez
|
0-0: Ball 1-0: Ball 2-0: SINGLE (Groundball, 34D, EV 111.3 MPH) David Clark scores
|
| Bottom of the 9th over - 3 runs, 3 hits, 0 errors, 0 left on base; Charleston 3 - Greenville 4 |
| |
|
Game Over ... Greenville defeats Charleston, 4 to 3
|
|
|